 Dungeon Crawl Stone Soup version 0.29.1-15-g9cfb28693d (webtiles) character file.

Game seed: 16983145147295553289

19686 jtron the Grappler (level 12, -10/113 HPs)
             Began as a Troll Monk on Mar 20, 2023.
             Was a Priest of Cheibriados.
             Killed from afar by a will-o-the-wisp (14 damage)
             ... with a foxfire
             ... on level 1 of the Swamp.
             The game lasted 00:34:33 (11844 turns).

jtron the Grappler (Troll Monk)                    Turns: 11844, Time: 00:34:35

Health: -10/113    AC:  0    Str: 30    XL:     12   Next: 38%
Magic:  10/15      EV: 20    Int:  9    God:    Cheibriados [***...]
Gold:   801        SH:  5    Dex: 24    Spells: 14/14 levels left

rFire   + . .      SeeInvis .     - Unarmed
rCold   . . .      Faith    .   (shield currently unavailable)
rNeg    . . .      Spirit   .   (body armour currently unavailable)
rPois   +          Reflect  +   (helmet currently unavailable)
rElec   .          Harm     .   (cloak currently unavailable)
rCorr   .          Rampage  .   (gloves unavailable)
Will    .....                   (boots unavailable)
Stlth   ++........              U - amulet "Yciceaneru" {Reflect rPois rF+ Int-5 SH+5}
HPRegen 1.08/turn               (ring currently unavailable)
MPRegen 0.14/turn               (ring currently unavailable)

@: pig-form, very slow
A: fast, no casting, small, unfitting armour, (claws 3), regeneration 1, (shaggy
fur 1), (tough skin 1)
a: Renounce Religion, Bend Time, Temporal Distortion


You were on level 1 of the Swamp.
You worshipped Cheibriados.
Cheibriados was most pleased with you.
You were a filthy swine.
You visited 3 branches of the dungeon, and saw 16 of its levels.

You collected 801 gold pieces.

Inventory:

Hand Weapons
 b - a +3 shortbow of flaming
 P - a +7 vampiric trident
Missiles
 c - 102 stones
 j - 3 atropa-tipped darts
 m - 28 poisoned darts
 F - 3 boomerangs (quivered)
Armour
 d - a +2 robe of cold resistance (melded)
 p - a +0 cloak (melded)
 r - a +0 kite shield (melded)
 C - +0 steam dragon scales
Jewellery
 a - a ring of fire
 g - a ring of flight
 o - a +4 ring of slaying (melded)
 v - a +4 ring of evasion
 x - a ring of wizardry
 y - an amulet of faith
 G - a +4 ring of protection (melded)
 H - an amulet of regeneration
 U - the amulet "Yciceaneru" (around neck) {Reflect rPois rF+ Int-5 SH+5}
   (You found it on level 3 of the Lair of Beasts)

   [amulet of reflection]

   It reflects blocked missile attacks.
   Int:       It affects your intelligence (-5).
   rF:        It protects you from fire.
   rPois:     It protects you from poison.
   SH:        It affects your SH (+5).
 V - an amulet of reflection
Wands
 s - a wand of roots (9)
 u - a wand of polymorph (5)
 w - a wand of digging (12)
 K - a wand of charming (8)
 R - a wand of light (4)
Scrolls
 i - 3 scrolls of poison
 k - 2 scrolls of fog
 l - 4 scrolls of teleportation
 n - a scroll of blinking
 q - 3 scrolls of vulnerability
 A - 2 scrolls of amnesia
 J - 3 scrolls of fear
 M - 3 scrolls of torment
 Q - 2 scrolls of magic mapping
 S - a scroll of identify
Potions
 e - 2 potions of invisibility
 f - a potion of lignification
 h - a potion of cancellation
 t - 2 potions of flight
 z - 4 potions of attraction
 B - 3 potions of might
 D - a potion of brilliance
 E - 4 potions of resistance
 I - 2 potions of ambrosia
 L - 9 potions of curing
Miscellaneous
 N - a phantom mirror (inert)
 O - a box of beasts (inert)


   Skills:
 + Level 5.7 Fighting
 + Level 1.7 Throwing
 + Level 7.0 Dodging
 + Level 5.0 Stealth
 - Level 6.0 Shields
 + Level 13.1 Unarmed Combat
 * Level 1.9 Spellcasting
 + Level 5.9 Invocations
 + Level 1.5 Evocations


You had 14 spell levels left.
You didn't know any spells.
Your spell library contained the following spells:

 Spells                   Type           Power      Damage    Failure   Level
 Apportation              Tloc           0%         N/A       34%         1
 Foxfire                  Conj/Fire      0%         2x1d4     34%         1
 Magic Dart               Conj           0%         1d3       34%         1
 Necrotise                Necr           0%         1d4       34%         1
 Shock                    Conj/Air       0%         1d3       34%         1
 Slow                     Hex            0%         N/A       34%         1
 Summon Small Mammal      Summ           0%         N/A       34%         1
 Call Imp                 Summ           0%         N/A       45%         2
 Ensorcelled Hibernation  Hex/Ice        0%         N/A       45%         2
 Passwall                 Tmut/Erth      0%         N/A       45%         2
 Static Discharge         Conj/Air       0%         3-3/arc   45%         2
 Call Canine Familiar     Summ           0%         N/A       71%         3
 Confusing Touch          Hex            0%         N/A       71%         3
 Conjure Flame            Conj/Fire      0%         6-21      71%         3
 Ignite Poison            Fire/Tmut/Pois 0%         N/A       71%         3
 Inner Flame              Hex/Fire       0%         N/A       71%         3
 Mephitic Cloud           Conj/Pois/Air  0%         N/A       71%         3
 Portal Projectile        Hex/Tloc       0%         N/A       71%         3
 Spider Form              Tmut/Pois      0%         N/A       71%         3
 Summon Guardian Golem    Hex/Summ       0%         N/A       71%         3
 Swiftness                Air            0%         N/A       71%         3
 Vampiric Draining        Necr           0%         2d6       71%         3
 Airstrike                Air            0%         2d(0-16)  98%         4
 Anguish                  Hex/Necr       0%         N/A       98%         4
 Dispel Undead            Necr           0%         3d6       98%         4
 Flame Wave               Conj/Fire      0%         2d4       98%         4
 Leda's Liquefaction      Hex/Erth       0%         N/A       98%         4
 Sticky Flame             Conj/Fire      0%         2d3       98%         4
 Blade Hands              Tmut           0%         N/A       100%        5
 Freezing Cloud           Conj/Ice/Air   0%         6-21      100%        5
 Irradiate                Conj/Tmut      0%         3d11      100%        5
 Statue Form              Tmut/Erth      0%         N/A       100%        6
 Dragon Form              Tmut           0%         N/A       100%        7
 Necromutation            Tmut/Necr      0%         N/A       100%        8


Dungeon Overview and Level Annotations

Branches:
Dungeon (11/15)            Temple (0/1) D:7            Lair (4/5) D:10
  Swamp (1/4) Lair:3       Spider (0/4) Lair:3          Orc (0/2) D:11
  Slime: Lair:4-5

Altars:
Ashenzari
Cheibriados
Dithmenos
Makhleb
Nemelex Xobeh
Okawaru
Sif Muna
Uskayaw
Vehumet
Yredelemnul
Zin
The Shining One

Shops:
D:3 (

Annotations:
D:9 1 runed translucent door
Lair:4 1 transporter
Swamp:1 Kirke


Innate Abilities, Weirdness & Mutations

You are a filthy swine.
You move quickly.
Your equipment is almost entirely melded.
You are incapable of wielding weapons or throwing items.
You cannot cast spells.
You are too large for most types of armour.
((You have claws for hands.))
Your natural rate of healing is unusually fast.
((You are covered in fur. (AC +1)))
((You have tough skin. (AC +1)))


Message History

Kirke casts a spell at you.
You turn into a filthy swine.
Your +0 cloak melds into your body.
Your +0 kite shield melds into your body.
Your +2 robe of cold resistance melds into your body.
Your +4 ring of protection melds into your body.
Your +4 ring of slaying melds into your body.
You feel less resistant to cold. The alligator completely misses you.
The alligator tail-slaps you! The alligator misses you.
The alligator tail-slaps you. The spriggan rider closely misses you.
You block the hog's attack.
The will-o-the-wisp attacks as you move away!
The will-o-the-wisp engulfs you! Kirke attacks as you move away!
Kirke misses you.
The bunyip howls a warning cry!
Kirke shimmers violently.
The alligator bites you!
* * * LOW HITPOINT WARNING * * *
You block the alligator's attack.
The will-o-the-wisp completely misses you.
The spriggan rider hits you from afar with a +0 spear.
* * * LOW HITPOINT WARNING * * *
The will-o-the-wisp gives a chilling moan.
You hear a chilling moan.
The will-o-the-wisp attacks as you move away!
The will-o-the-wisp engulfs you!
* * * LOW HITPOINT WARNING * * *
The alligator attacks as you move away! The alligator misses you.
The alligator completely misses you.
The will-o-the-wisp gestures.
The will-o-the-wisp conjures some foxfire!
A swamp worm comes into view. 2 foxfires come into view.
Kirke attacks as you move away! Kirke hits you.
* * * LOW HITPOINT WARNING * * *
You enter the shallow water.
Moving in this stuff is going to be slow.
The foxfire hits you! You resist.
* * * LOW HITPOINT WARNING * * *
The foxfire hits you! You resist.
You die...

..§~.v♣...~♣
~..~~§.(...♣♣
§...~~~....~♣
?..~~~~....~♣
..§~§~h§h§♣
..~~~~tv§.♣♣
...~~~~.§@x♣
♣~~§~§~itv~♣
♣♣.~~~~~§h~♣♣♣
..w~~~~.~~...♣
~~~§~§.♣♣♣.~.♣
~~§~..~♣♣♣...♣♣
~~~..~~.~~.~~~♣
.~♣♣♣..~~.~~.♣
♣♣..♣♣.~§.♣
♣♣♣..§~~§§~~♣
♣♣.......~~.♣♣


You could see Kirke, a bunyip, 2 alligators, a spriggan rider, a
will-o-the-wisp, a swamp worm (wandering) and 2 hogs.

Vanquished Creatures
  Fannar (D:10)
  A hydra (Lair:2)
  A boulder beetle (Lair:1)
  A catoblepas (Lair:1)
  Amaemon (D:11)
  A goliath frog (Swamp:1)
  Pikel (D:4)
  4 black mambas
  7 cane toads
  An orange demon (D:10)
  An unseen horror (D:10)
  Maggie (D:6)
  4 komodo dragons
  A kobold demonologist (D:11)
  2 trolls
  2 polar bears
  Prince Ribbit (D:6)
  2 shadows
  A vampire (D:11)
  3 wyverns
  8 yaks
  2 steam dragons
  A hog (Swamp:1)
  2 basilisks
  An acid dragon (D:11)
  11 water moccasins
  A swamp worm (Swamp:1)
  5 black bears
  4 orc warriors
  2 ogres
  4 centaurs
  4 wolves (Lair:2)
  A lemure (D:4)
  5 phantoms
  A kobold brigand (D:9)
  Blork the orc (D:4)
  A necrophage (D:6)
  10 bullfrogs
  5 scorpions
  3 gnoll sergeants
  5 wights (D:7)
  A troll zombie (D:11)
  5 orc priests
  5 hounds
  6 iguanas
  8 orc wizards
  5 ogre zombies (D:11)
  15 gnolls
  10 adders
  2 white imps
  2 dart slugs (D:4)
  25 orcs
  6 endoplasms
  7 giant cockroaches
  6 goblins
  5 hobgoblins
  3 quokkas
  4 ball pythons
  3 bats
  5 frilled lizards
  5 goblin skeletons
  4 goblin zombies
  A hobgoblin zombie (D:6)
  7 kobolds
  3 kobold skeletons (D:6)
  7 orc skeletons
  11 orc zombies
  8 rats
  2 foxfires (Swamp:1)
285 creatures vanquished.

Vanquished Creatures (collateral kills)
  A hydra (Lair:1)
  An electric eel (Lair:3)
  2 ogre zombies (D:11)
  2 goblin zombies (D:11)
  An orc zombie (D:11)
7 creatures vanquished.

Vanquished Creatures (others)
  A foxfire (Swamp:1)
  4 fungi
  4 plants
9 creatures vanquished.

Grand Total: 301 creatures vanquished

Notes
Turn   | Place    | Note
-------+----------+-------------------------------------------
     0 | D:1      | jtron the Troll Monk began the quest for the Orb.
     0 | D:1      | Reached XP level 1. HP: 22/22 MP: 0/0
    38 | D:1      | Found a faded altar of an unknown god.
    53 | D:1      | Prayed at the altar of an unknown god.
    53 | D:1      | Became a worshipper of Cheibriados the Contemplative
    53 | D:1      | Reached * piety under Cheibriados
    53 | D:1      | Reached ** piety under Cheibriados
   142 | D:1      | Reached *** piety under Cheibriados
   246 | D:1      | Reached XP level 2. HP: 29/29 MP: 1/1
   913 | D:2      | Reached XP level 3. HP: 27/36 MP: 2/2
  1029 | D:2      | Reached XP level 4. HP: 45/45 MP: 3/3
  1546 | D:3      | Reached skill level 4 in Unarmed Combat
  1789 | D:3      | Reached **** piety under Cheibriados
  1908 | D:3      | Found Yvaobacias's Weapon Shoppe.
  2118 | D:3      | Found a sparkling altar of Nemelex Xobeh.
  2234 | D:4      | Noticed an ogre
  2243 | D:4      | Killed an ogre
  2244 | D:4      | Reached XP level 5. HP: 41/53 MP: 4/4
  2261 | D:4      | Noticed a phantom
  2265 | D:4      | Killed a phantom
  2309 | D:4      | Noticed Blork the orc
  2316 | D:4      | Killed Blork the orc
  2317 | D:4      | Reached skill level 5 in Unarmed Combat
  2317 | D:4      | Reached XP level 6. HP: 61/61 MP: 5/5
  2393 | D:4      | Found a shimmering blue altar of Sif Muna.
  2450 | D:4      | Noticed Pikel
  2471 | D:4      | Killed Pikel
  2472 | D:4      | Reached skill level 6 in Unarmed Combat
  2472 | D:4      | Reached XP level 7. HP: 39/70 MP: 2/6
  2649 | D:4      | Got the Exposition on Forms
  2717 | D:4      | Found a burning altar of Makhleb.
  2732 | D:4      | Found a glowing silver altar of Zin.
  2732 | D:4      | Noticed an angel
  2930 | D:4      | Found a hide-covered altar of Uskayaw.
  3130 | D:5      | Entered Level 5 of the Dungeon
  3165 | D:5      | Reached skill level 1 in Shields
  3214 | D:5      | Reached XP level 8. HP: 79/79 MP: 7/7
  3340 | D:5      | Reached skill level 1 in Invocations
  3439 | D:5      | Reached skill level 7 in Unarmed Combat
  3678 | D:5      | Reached ***** piety under Cheibriados
  3695 | D:5      | Found a basalt altar of Yredelemnul.
  4101 | D:6      | Found a glowing golden altar of the Shining One.
  4159 | D:6      | Noticed Maggie
  4169 | D:6      | Killed Maggie
  4170 | D:6      | Reached XP level 9. HP: 57/87 MP: 5/9
  4178 | D:6      | Noticed Prince Ribbit
  4186 | D:6      | Killed Prince Ribbit
  4187 | D:6      | Reached skill level 8 in Unarmed Combat
  4306 | D:6      | Reached skill level 5 in Fighting
  4789 | D:7      | Reached skill level 9 in Unarmed Combat
  4878 | D:7      | Found a staircase to the Ecumenical Temple.
  5891 | D:9      | Found an iron altar of Okawaru.
  5986 | D:9      | Reached XP level 10. HP: 96/96 MP: 11/11
  6007 | D:9      | Reached skill level 5 in Dodging
  6121 | D:9      | Found a runed translucent door.
  6121 | D:9      | Noticed a death knight
  6136 | D:9      | Reached skill level 10 in Unarmed Combat
  6188 | D:9      | Found a broken altar of Ashenzari.
  6350 | D:9      | Found a shadowy altar of Dithmenos.
  6444 | D:9      | Found a radiant altar of Vehumet.
  6634 | D:10     | Entered Level 10 of the Dungeon
  6792 | D:10     | Noticed Fannar
  6804 | D:10     | Killed Fannar
  6866 | D:10     | Reached skill level 1 in Throwing
  7107 | D:10     | Reached skill level 5 in Invocations
  7152 | D:10     | Found a staircase to the Lair.
  7462 | D:11     | Noticed Amaemon
  7462 | D:11     | Noticed an orange demon
  7467 | D:10     | Killed an orange demon
  7483 | D:11     | Killed Amaemon
  7529 | D:11     | Found a staircase to the Orcish Mines.
  7628 | D:11     | Noticed a soul eater
  7632 | D:11     | Reached XP level 11. HP: 92/104 MP: 8/14
  7723 | D:11     | Reached skill level 11 in Unarmed Combat
  7731 | D:11     | Noticed an eight-headed hydra
  8095 | Lair:1   | Entered Level 1 of the Lair of Beasts
  8474 | Lair:1   | Noticed a six-headed hydra
  8477 | Lair:1   | Killed a six-headed hydra
  8478 | Lair:1   | Reached skill level 5 in Shields
  8687 | Lair:1   | Identified the -1 pair of boots "Irixusy" {rElec Dex+3}
  8851 | Lair:1   | Reached skill level 12 in Unarmed Combat
  8887 | Lair:1   | Noticed a boulder beetle
  8912 | Lair:1   | Killed a boulder beetle
  9149 | Lair:1   | Reached skill level 1 in Evocations
  9164 | Lair:1   | Noticed a catoblepas
  9186 | Lair:1   | Killed a catoblepas
  9829 | Lair:2   | Reached XP level 12. HP: 111/111 MP: 15/15
  9980 | Lair:2   | Noticed a four-headed hydra
 10252 | Lair:2   | Killed an eight-headed hydra
 10732 | Lair:3   | Reached skill level 1 in Spellcasting
 10886 | Lair:3   | Identified the amulet "Yciceaneru" {Reflect rPois rF+ Int-5
                  | SH+5}
 10917 | Lair:3   | Found a hole to the Spider Nest.
 11161 | Lair:3   | Reached skill level 13 in Unarmed Combat
 11204 | Lair:3   | Found a staircase to the Swamp.
 11569 | Lair:4   | Found a transporter.
 11610 | Lair:4   | Noticed a six-headed hydra
 11755 | Swamp:1  | Entered Level 1 of the Swamp
 11769 | Swamp:1  | Reached skill level 5 in Stealth
 11835 | Swamp:1  | Noticed Kirke
 11835 | Swamp:1  | Noticed an alligator
 11836 | Swamp:1  | Noticed an alligator
 11837 | Swamp:1  | Noticed a bunyip
 11844 | Swamp:1  | HP: 4/113 [will-o-the-wisp/foxfire (10)]
 11844 | Swamp:1  | Killed from afar by a will-o-the-wisp

Illustrated notes

Levels and vault maps discovered:
D:1:      erik_arrival_orb_chamber, layout_basic,
          ebering_ecumenical_altar_ruins, hangedman_abyss_or_decor_stabs
D:2:      layout_loops_ring
D:3:      layout_loops_corners, nemelex_dance_club_becter, serial_shops,
          nicolae_shop_bloodbath_and_beyond
D:4:      layout_loops_ring, zin_angel, makhleb_heckhound_becter,
          mainiacjoe_overflow_large_starburst, minmay_checkerbox,
          uniq_blork_the_orc, uniq_pikel
D:5:      layout_basic, general_overflow_altar
D:6:      layout_basic, nicolae_tso_besieged_by_evil, minivault_10,
          uniq_prince_ribbit1, uniq_maggie
D:7:      layout_cave_pools, minmay_temple_entry_proselytizer
D:8:      layout_basic
D:9:      layout_loops_ring, mainiacjoe_overflow_boulevard,
          mainiacjoe_overflow_alcove_4, mainiacjoe_overflow_six_doors_small,
          vehumet_crystals, minmay_st_funbox
D:10:     layout_basic, dpeg_oklobed_lair, uniq_fannar
D:11:     layout_gridville, zombieorc2_lemuel, eino_tiny_chamber, uniq_amaemon
Lair:1:   layout_small_grid
Lair:2:   layout_cave_pods, nicolae_volcano_entry_two_sided
Lair:3:   layout_chaotic_city, minmay_swamp_entry_worms, dummy_spider_entry,
          grunt_megastairs_3, serial_bayou_shore_a
Lair:4:   layout_gridlike, gammafunk_ghost_hive, serial_bayou_pond_c,
          serial_bayou_shore_b, uniq_urug
Swamp:1:  layout_basic_swamp, evilmike_swamp_ruin_house_1,
          infiniplex_staircase_pool_2, uniq_kirke

Skill      XL: |  1  2  3  4  5  6  7  8  9 10 11 12 |
---------------+-------------------------------------+-----
Fighting       | 3 4 5 |  5.7
Unarmed Combat | 4 5 6 7 9 10 12 13 | 13.1
Dodging        | 3 4 5 6 7 |  7.0
Stealth        | 2 3 4 5 |  5.0
Shields        | 1 2 3 4 5 6 |  6.0
Invocations    | 2 3 5 |  5.9
Throwing       | 1 |  1.7
Evocations     | 1 |  1.5
Spellcasting   | 1 |  1.9

Action                   |  1- 3 |  4- 6 |  7- 9 | 10-12 || total
-------------------------+-------+-------+-------+-------++-------
Melee: Unarmed           |    64 |    60 |   205 |   327 ||   656
Throw: Stone             |       |       |     5 |       ||     5
       Boomerang         |       |       |       |    29 ||    29
Invok: Bend Time         |       |     1 |     4 |       ||     5
       Slouch            |       |       |     2 |     8 ||    10
Evoke: Wand              |       |     1 |     1 |     9 ||    11
       Box of beasts     |       |       |       |     2 ||     2
       Phantom mirror    |       |       |       |     1 ||     1
  Use: Potion            |     1 |     1 |       |     7 ||     9
       Scroll            |       |       |    13 |    13 ||    26
 Stab: Sleeping          |     5 |     8 |    10 |    10 ||    33
       Distracted        |       |       |       |     4 ||     4
Armor: Robe              |    17 |     9 |    55 |    89 ||   170
       Skin              |       |       |       |     3 ||     3
Dodge: Dodged            |    41 |    23 |    86 |   175 ||   325
Block: Kite shield       |       |     7 |    87 |   251 ||   345
       Other             |       |       |       |     2 ||     2
       Reflection        |       |       |       |     1 ||     1
